[Event "Early-Titled-Tuesday-Blitz-February-20-2024"]
[Site "Chess.com"]
[Date "2024.02.20"]
[Round "11"]
[White "Barmen_EV"]
[Black "Mikhail_Golubev"]
[Result "1/2-1/2"]
[WhiteElo "2515"]
[BlackElo "2629"]
[TimeControl "180+1"]
[EndTime "10:09:50 PST"]
[Termination "Game drawn by repetition"]

1. e4 c5 2. c3 Nf6 3. e5 Nd5 4.
d4 cxd4 5. Nf3 Nc6 6. cxd4 d6 7. Bc4 Nb6 8. Bxf7+ Kxf7 9. e6+ Kg8 10. d5 Ne5 11. Nxe5 dxe5 12. Nc3 Nxd5 13. Qxd5 Qxd5 14. Nxd5 b6 15.
O-O Bb7 16. Rd1 h6 17. Be3 Kh7 18. Rac1 Rc8 19. Nc7 g5 20. Rd7 Rg8 21. b4 Rg6 22. b5 Be4 23. Na6 Rxc1+ 24. Bxc1 Rxe6 25. f3 Bb1 26. Rxa7 Rd6 27. Ba3 Rd1+ 28. Kf2 Bxa2 29.
Bxe7 Bxe7 30. Rxe7+ Kg6 31. Rxe5 Rd2+ 32. Re2 Rxe2+ 33.
Kxe2 Bc4+ 34. Ke3 Bxb5 35. Nb4 Bc4 36. Kd4 b5 37. Ke5 h5 38. g3 h4 39. gxh4 gxh4 40. f4 Kf7 41. f5 h3 42. f6 Bf1 43. Nc6 Bc4 44. Kf5 Bd3+ 45. Kg5 Bf1 46. Ne5+ Kg8 47.
Kg6 Bc4 48. f7+ Bxf7+ 49. Nxf7 b4 50. Ne5 b3 51. Nd3 Kf8 52. Kf5 Ke7 53. Kg4 Kd6 54.
Kxh3 Kd5 55. Kg4 Kd4 56. Nb2 Kc3 57. Na4+ Kb4 58. Nb2 Kc3 59. Nd1+ Kd2 60. Nb2 Kc3 1/2-1/2

[Event "Early-Titled-Tuesday-Blitz-February-20-2024"]
[Site "Chess.com"]
[Date "2024.02.20"]
[Round "11"]
[White "rquery98"]
[Black "Statham_01"]
[Result "1-0"]
[WhiteElo "2779"]
[BlackElo "2584"]
[TimeControl "180+1"]
[EndTime "10:09:52 PST"]
[Termination "rquery98 won by resignation"]

1. c4 e5 2. g3 Nf6 3. Bg2 c6 4. Nf3 e4 5. Nd4 Qb6 6. Nb3 a5 7. d3 a4 8. N3d2 Bc5 9. O-O Bxf2+ 10. Rxf2 e3 11. Rxf6 exd2+ 12. Rf2 dxc1=Q 13. Qxc1 O-O 14. Nc3 d6 15. Ne4 d5 16. cxd5 cxd5 17. Nc3 d4 18.
Nd5 Qd6 19. Qf4 Qxf4 20. Rxf4 Nc6 21. Nb6 Rb8 22. Nxa4 Re8 23. Bxc6 bxc6 24. Rxd4 c5 25. Re4 Rxe4 26. dxe4 Bg4 27. b3 c4 28. Nc3 cxb3 29. axb3 h5 30. Rb1 Rb4 31. Kf2 Be6 32. Nd5 Rxe4 33. Nf4 Bf5 34. Nd3 Bd7 35. Nc5 Re7 36.
Nxd7 Rxd7 37. b4 Rb7 38. Ke3 Kf8 39. Kd4 Ke7 40. b5 Kd6 41. e4 f6 42. b6 Kc6 43. Kc4 g5 44. h3 g4 45. hxg4 hxg4 46.
Rb3 Kd6 47. Kb5 Ke5 48. Rb4 Kd6 49. Ka6 Re7 50. b7 Re8 51. b8=Q+ Rxb8 52. Rxb8 Kc5 53.
Rd8 1-0

[Event "Early-Titled-Tuesday-Blitz-February-20-2024"]
[Site "Chess.com"]
[Date "2024.02.20"]
[Round "11"]
[White "xamax2000"]
[Black "fighter2jz"]
[Result "1-0"]
[WhiteElo "2904"]
[BlackElo "2809"]
[TimeControl "180+1"]
[EndTime "10:09:53 PST"]
[Termination "xamax2000 won on time"]

1. Nf3 d5 2. c4 dxc4 3. e4 c5 4. Bxc4 Nc6 5. O-O e6 6. Nc3 Nf6 7. d3 Be7 8. Be3 O-O 9. Rc1 b6 10. a3 Na5 11. Ba2 Ba6 12. Ne5 Nd7 13. Nc4 Nxc4 14. Bxc4 Bxc4 15. dxc4 Ne5 16. Qa4 Qe8 17. Qb3 Qc6 18. Rcd1 Rfd8 19. h3 Ng6 20. f4 Bf6 21. e5 Be7 22. Qc2 f5 23. exf6 Bxf6 24. Ne4 Bd4 25.
Bxd4 cxd4 26. Ng5 Rac8 27. Qe2 Rd6 28. b3 h6 29. Ne4 Rd7 30. Qd3 Rf8 31. g3 a5 32.
Rde1 Ne7 33. Nf2 Nf5 34. Ng4 Rdd8 35. Rf2 Rd6 36. Rfe2 Rfd8 37. b4 axb4 38. axb4 Qa4 39. Rxe6 Rxe6 40. Rxe6 Qa1+ 41. Kg2 Rf8 42. Re2 h5 43. Ne5 Ne3+ 44. Kh2 Qf1 45. Rd2 h4 46. Ng6 hxg3+ 47. Kxg3 Qg1+ 48. Kf3 Rf6 49. Ne7+ Kh8 50. Qxd4 1-0

[Event "Early-Titled-Tuesday-Blitz-February-20-2024"]
[Site "Chess.com"]
[Date "2024.02.20"]
[Round "11"]
[White "manitodeplomo"]
[Black "vovachesss"]
[Result "1-0"]
[WhiteElo "2654"]
[BlackElo "2795"]
[TimeControl "180+1"]
[EndTime "10:09:53 PST"]
[Termination "manitodeplomo won on time"]

1. d4 d5 2. c4 c6 3. Nf3 Nf6 4. Nc3 dxc4 5. e3 b5 6. a4 b4 7. Na2 a5 8. Bxc4 Bf5 9. O-O e6 10.
Qe2 Be7 11. Rd1 O-O 12. Ne5 Qb6 13. g4 Be4 14. f3 Bd5 15. e4 Bxc4 16. Nxc4 Qa6 17.
Be3 c5 18. g5 Nd5 19. exd5 exd5 20. b3 Nc6 21. dxc5 dxc4 22. Qxc4 Qxc4 23. bxc4 Ne5 24. f4 Nxc4 25. Bf2 Rac8 26. Nc1 Bxc5 27. Nb3 Bd6 28. Rd4 Rfe8 29. Rc1 Bxf4 30. Rcxc4 Rxc4 31. Rxc4 Bxg5 32. Nxa5 h5 33. Rxb4 h4 34. Bxh4 Bd2 35. Rb5 Re4 36.
Bf2 Rxa4 37. Nb3 Bc3 38. Rc5 Bf6 39. Rc8+ Kh7 40. Rb8 Ra3 41. Kg2 Ra2 42. Rb5 Rb2 43. Kf3 Rc2 44. h4 Rc3+ 45. Kg2 Rc2 46. Kf3 Rc3+ 47.
Ke2 Rh3 48. h5 g5 49. hxg6+ Kxg6 50. Nd4 Rc3 51. Nf3 Rc2+ 52. Kf1 Rc4 53. Kg2 Rg4+ 54. Kf1 Rf4 55. Ke2 Re4+ 56. Be3 Rf4 57. Bxf4 1-0

[Event "Early-Titled-Tuesday-Blitz-February-20-2024"]
[Site "Chess.com"]
[Date "2024.02.20"]
[Round "11"]
[White "mary-sanna"]
[Black "EdmundPlayer"]
[Result "1/2-1/2"]
[WhiteElo "2164"]
[BlackElo "2275"]
[TimeControl "180+1"]
[EndTime "10:09:55 PST"]
[Termination "Game drawn by repetition"]

1. d4 d5 2. c4 c6 3. Nf3 Nf6 4. g3 dxc4 5. Bg2 Bf5 6. O-O e6 7. Nbd2 Ne4 8. Nxc4 Nd7 9. Nh4 Nb6 10. Nxb6 axb6 11. Nxf5 exf5 12. Qb3 b5 13. Rd1 Qd5 14.
Qxd5 cxd5 15. Bf4 g6 16. f3 Nf6 17. Be5 Be7 18. a3 O-O 19. Rac1 Nd7 20. Rc7 Rfd8 21. Rxb7 Nxe5 22. dxe5 Bc5+ 23. Kf1 b4 24. axb4 Be3 25. f4 Ra2 26. b3 d4 27. b5 Rb2 28. Bc6 Ra8 29. b6 Raa2 30. Ra7 d3 31. Rxd3 Bxb6 32. Rxa2 Rxa2 33. Rd1 Rb2 34. Bd5 Kf8 35. Bc4 Ke7 36.
Kg2 h5 37. Kf3 Rc2 38. Ra1 Bd4 39. Ra6 Rc1 40. Rd6 Rf1+ 41. Kg2 Rg1+ 42. Kh3 Bf2 43. Rd2 h4 44. e4 hxg3 45. hxg3 Bxg3 46. Rg2 Rxg2 47.
Kxg2 Bxf4 48. exf5 gxf5 49. Kf3 Bxe5 50. b4 Bc7 51. b5 f6 52. Bd3 Ke6 53. Bc2 Ke5 54. Bd3 Bb6 55. Bc2 Bd4 56. Bd3 f4 57. Bc2 f5 58. Bd3 Be3 59. Bc2 Kd5 60. Bxf5 Kc5 61. b6 Kxb6 62. Be4 Kc5 63. Ba8 Kd4 64. Bb7 Ke5 65. Ba8 Bd4 66. Bb7 Bc5 67. Ba8 Kd6 68.
Bb7 Kc7 69. Ba8 Kb8 70. Be4 Be3 71. Bd5 Kc7 72. Be4 Kd6 73. Ba8 Kc7 74. Bb7 Kd6 75.
Ba8 Kc7 76. Be4 Kd6 77. Ba8 1/2-1/2

[Event "Early-Titled-Tuesday-Blitz-February-20-2024"]
[Site "Chess.com"]
[Date "2024.02.20"]
[Round "11"]
[White "Shield12"]
[Black "ContrVersia"]
[Result "1/2-1/2"]
[WhiteElo "2963"]
[BlackElo "2843"]
[TimeControl "180+1"]
[EndTime "10:09:57 PST"]
[Termination "Game drawn by repetition"]

1. e4 c5 2. Nf3 d6 3. d4 cxd4 4. Nxd4 Nf6 5. Nc3 Nc6 6. Bg5 e6 7.
Qd2 a6 8. O-O-O Bd7 9. f4 b5 10. Bxf6 gxf6 11. f5 Qb6 12. Nxc6 Bxc6 13. fxe6 fxe6 14.
Bd3 Qc5 15. Kb1 O-O-O 16. Rhf1 Be7 17. Ne2 Kb8 18. Nf4 Bd7 19. Be2 Rhg8 20. g3 Rc8 21. c3 Qe5 22. Bf3 Bc6 23. Nd3 Qg5 24. Qf2 Bb7 25.
Rfe1 Rc7 26. Qb6 Rc6 27. Qf2 Rc7 28. a3 Rf8 29. Qc2 f5 30. Nf4 Qh6 31. Qb3 fxe4 32. Bxe4 d5 33. Bg2 Bc8 34. Bxd5 exd5 35. Nxd5 Be6 36.
c4 Bxd5 37. Rxd5 Qg6+ 38. Ka2 Rf2 39. cxb5 Qc2 40. bxa6+ Qxb3+ 41. Kxb3 Bf6 42. Rb5+ Ka7 43. Ka4 Rxb2 44. Rxb2 Bxb2 45. Re6 Bd4 46. Kb5 Rc5+ 47. Kb4 Rc7 48. a4 Bg1 49. h3 Bf2 50. g4 Bd4 51. g5 Bc3+ 52. Kb5 Bd2 53. h4 Bc3 54. Rd6 Be1 55. h5 Bf2 56. Rf6 Be3 57. Rf5 Rg7 58. g6 hxg6 59. hxg6 Rxg6 60. Rf7+ Ka8 61. Rf8+ Ka7 62.
Rf7+ Ka8 63. Rf8+ Ka7 64. Rf7+ 1/2-1/2

[Event "Early-Titled-Tuesday-Blitz-February-20-2024"]
[Site "Chess.com"]
[Date "2024.02.20"]
[Round "11"]
[White "MasterKroket"]
[Black "Ariadna_Atreides"]
[Result "1-0"]
[WhiteElo "2499"]
[BlackElo "2202"]
[TimeControl "180+1"]
[EndTime "10:09:57 PST"]
[Termination "MasterKroket won on time"]

1. e4 c6 2. d4 d5 3. e5 Bf5 4. Nf3 e6 5. Be2 h6 6. O-O c5 7.
c4 Nc6 8. cxd5 Qxd5 9. Nc3 Qd7 10. Nb5 a6 11. Nd6+ Bxd6 12. exd6 Qxd6 13. dxc5 Qxc5 14. Be3 Qe7 15. Nd4 Nxd4 16. Qxd4 Nf6 17. Bf3 O-O 18.
Qb6 Be4 19. Bc5 Qd8 20. Qb4 Bxf3 21. Bxf8 Bxg2 22. Be7 Qd5 23. Rfd1 Qg5 24. h4 Qg6 25. Kh2 Nd5 26. Qd6 Be4 27. Rg1 Qf5 28. Raf1 Nxe7 29.
Qxe7 Qf4+ 30. Rg3 Bc6 31. Qa3 Rd8 32. Qe3 Qxe3 33. Rxe3 Rd2 34. Rb3 Bd5 35. Rb4 Kf8 36. Kg3 Ke7 37. Rc1 Kd6 38. a4 a5 39. Rb5 Rd3+ 40.
Kh2 Rb3 41. Rxb3 Bxb3 42. h5 Bxa4 43. Rc4 Bc6 44. Rg4 Ke7 45. Rxg7 Kf6 46. Rg8 b5 47. Kg3 a4 48. Rc8 Bd5 49. Rb8 Bc4 50. Kf4 e5+ 51.
Ke4 Kg5 52. Kxe5 Kxh5 53. Kf4 Kg6 54. Rb6+ Kg7 55. Ke5 h5 56. f4 h4 57. Ke4 h3 58.
Kf3 Bd5+ 59. Kg3 Bg2 60. Rxb5 Kf6 61. Ra5 Ke6 62. Rxa4 Kd5 63. Ra5+ Kc4 64. Rf5 1-0

[Event "Early-Titled-Tuesday-Blitz-February-20-2024"]
[Site "Chess.com"]
[Date "2024.02.20"]
[Round "11"]
[White "Larina_Maria"]
[Black "Cheer_Down"]
[Result "0-1"]
[WhiteElo "2287"]
[BlackElo "2425"]
[TimeControl "180+1"]
[EndTime "10:09:57 PST"]
[Termination "Cheer_Down won on time"]

1. e4 e5 2. Nf3 Nc6 3. Nc3 Nf6 4.
Bb5 Bc5 5. O-O O-O 6. Nxe5 Nxe5 7. d4 Bd6 8. f4 Nc6 9. e5 Bb4 10. d5 Ne8 11. dxc6 bxc6 12. Bd3 d5 13. f5 Qh4 14. Rf4 Bc5+ 15. Kh1 Qe7 16. f6 Qxe5 17. fxg7 Nxg7 18.
Bd2 Rb8 19. Qf3 Rb4 20. Rf6 Bg4 21. Qf1 Bd6 22. Rh6 f5 23. Nd1 Rf4 24. Bxf4 Qxf4 25. Qxf4 Bxf4 26. Rxc6 Re8 27. Nf2 Bh5 28. Nh3 Bd6 29.
Kg1 Bg4 30. Nf2 Bh5 31. Kf1 Rb8 32. b3 Ne6 33. c3 Bg6 34. Nh3 Nc5 35. Be2 Ne4 36.
Ng5 Nxg5 37. Rd1 Bf7 38. h4 Ne4 39. Bf3 Rb6 40. Rxb6 axb6 41. g4 Ng3+ 42. Kf2 fxg4 43. Bxg4 Ne4+ 44. Ke3 Nxc3 45. Rf1 Ne4 46. Bf5 Bc5+ 47.
Kd3 Bg6 48. Bxg6 hxg6 49. Rf4 Kg7 50. a4 Nf6 0-1

[Event "Early-Titled-Tuesday-Blitz-February-20-2024"]
[Site "Chess.com"]
[Date "2024.02.20"]
[Round "11"]
[White "Rozhkov_V"]
[Black "AttackSparrow"]
[Result "0-1"]
[WhiteElo "2446"]
[BlackElo "2636"]
[TimeControl "180+1"]
[EndTime "10:09:58 PST"]
[Termination "AttackSparrow won on time"]

1. c4 e6 2. d4 d5 3. cxd5 exd5 4. Nc3 Nf6 5. Bg5 Bb4 6. Nf3 h6 7. Bxf6 Qxf6 8. e3 c6 9. Ne5 Nd7 10. Nd3 Bd6 11. Be2 O-O 12. O-O Re8 13. b4 Nb6 14.
Nc5 a5 15. a3 Ra7 16. Rb1 axb4 17. axb4 Bf5 18. Ra1 Rea8 19. Rxa7 Rxa7 20. Qb3 Qe7 21.
Rc1 h5 22. Qb2 h4 23. b5 Bxc5 24. dxc5 Nd7 25. bxc6 bxc6 26. Qb4 h3 27. g4 Be6 28.
Na4 Qf8 29. Nb6 Rb7 30. Qa5 Qb8 31. Nxd7 Rxd7 32. Ra1 Rb7 33. f3 Rb2 34. Qe1 g6 35. f4 Qb4 36. Kf2 Qxc5 37. Rc1 Qb6 38. Qc3 Bxg4 39. Rc2 Rxc2 40. Qxc2 Bxe2 41. Kxe2 d4 42. exd4 Qxd4 43. Qxc6 Qb2+ 44. Ke3 Qxh2 45. Qc8+ Kg7 46.
f5 Qg3+ 47. Ke2 Qg4+ 48. Ke1 Qxf5 49. Qc3+ Kh7 50. Qg3 Qe6+ 51. Kd2 Qf5 52. Qh4+ Kg7 53. Qd4+ Qf6 54. Qd5 Qf2+ 55. Kc3 h2 56. Qe5+ Qf6 0-1

[Event "Early-Titled-Tuesday-Blitz-February-20-2024"]
[Site "Chess.com"]
[Date "2024.02.20"]
[Round "11"]
[White "HeroWilczek"]
[Black "Heinza9"]
[Result "1-0"]
[WhiteElo "2461"]
[BlackElo "2318"]
[TimeControl "180+1"]
[EndTime "10:09:58 PST"]
[Termination "HeroWilczek won on time"]

1. c4 f5 2. b3 Nf6 3. Bb2 e6 4. h3 Be7 5. g4 d6 6. g5 Ne4 7. d3 Nxg5 8. Bxg7 Rg8 9. Bb2 Bf6 10. Nc3 Nc6 11. e3 Qe7 12. Nf3 Qg7 13. d4 e5 14.
Nxg5 Bxg5 15. Qh5+ Qf7 16. Qxf7+ Kxf7 17. Nd5 exd4 18.
exd4 Re8+ 19. Be2 Bd8 20. Kf1 Kf8 21. Rg1 Be6 22. Nf4 Bf7 23. Bd3 Bf6 24. Bxf5 Bxd4 25. Bxd4 Nxd4 26. Bxh7 Nf3 27. Rg3 Nd2+ 28. Kg2 Ne4 29.
Re3 Ng5 30. Rxe8+ Rxe8 31. Bd3 c6 32. h4 Ne6 33. Nxe6+ Rxe6 34. Kg3 Kg7 35. Kf4 Kf6 36. Rg1 Re5 37. Rg5 Re1 38. Rg3 Rh1 39. Rf3 Bh5 40. Re3 Rxh4+ 41. Kg3 Rg4+ 42. Kh3 Rf4 43. Kg3 Rg4+ 44.
Kh3 Rf4 45. Kg2 Bg4 46. f3 Bf5 47. Kg3 Kg5 48. Bxf5 Rxf5 49. Re7 d5 50. cxd5 Rxd5 51. Rxb7 a5 52. Rc7 Rc5 53. Rg7+ Kf5 54. Rh7 Kg6 55. Ra7 Rd5 56. Ra6 Rc5 57. Kg4 Kf6 58. f4 Ke6 59.
Ra8 Kf6 60. Rh8 Rc2 61. Rh6+ 1-0

[Event "Early-Titled-Tuesday-Blitz-February-20-2024"]
[Site "Chess.com"]
[Date "2024.02.20"]
[Round "11"]
[White "guillembaches"]
[Black "margarita_2703"]
[Result "1-0"]
[WhiteElo "2520"]
[BlackElo "2390"]
[TimeControl "180+1"]
[EndTime "10:09:59 PST"]
[Termination "guillembaches won by checkmate"]

1. d4 d5 2. Nf3 Nf6 3. c4 e6 4. cxd5 exd5 5. Qc2 h6 6. Nc3 Bd6 7. Nb5 O-O 8. Nxd6 Qxd6 9. g3 Na6 10. a3 c5 11. Bg2 b6 12. Bf4 Qe7 13. dxc5 Nxc5 14. O-O Ba6 15. Nd4 Rac8 16. Qd1 Rfe8 17. Re1 Nce4 18.
Rc1 Rxc1 19. Bxc1 Rc8 20. h3 Qc5 21. Be3 Qc7 22. Qb1 Qd7 23. Rc1 h5 24. Rxc8+ Qxc8 25. Qc1 Qxc1+ 26. Bxc1 g6 27. Kf1 Kf8 28. Nc6 Ke8 29.
Nxa7 Kd7 30. a4 Kc7 31. Be3 Kb7 32. Nb5 Bxb5 33. axb5 Nd6 34. Bd4 Nfe4 35. g4 h4 36. f3 Ng3+ 37. Ke1 Nxb5 38. Bf6 g5 39. Bxg5 f5 40.
Bxh4 f4 41. Bxg3 fxg3 42. g5 Nd6 43. g6 Nf5 44. h4 Kc7 45. Bh3 Nh6 46. Kf1 Kd6 47.
Kg2 Ke7 48. Kxg3 Kf6 49. h5 Kg5 50. Bg4 Ng8 51. f4+ Kh6 52. e3 Nf6 53. Bf3 Kg7 54.
f5 Kh6 55. Kf4 Nd7 56. Bxd5 Nf6 57. e4 Nxh5+ 58. Ke5 Kg7 59. Kd6 Ng3 60. b4 Kf6 61. b5 Nh5 62. Kc6 Ke5 63. Kxb6 Kd6 64. Ka7 Nf6 65.
b6 Nxd5 66. exd5 Kxd5 67. g7 Ke5 68. g8=Q Kxf5 69. b7 Kf6 70. b8=Q Kf5 71. Qgb3 Ke4 72. Q8b4+ Ke5 73. Qe3+ Kf5 74. Qec5+ Kg6 75. Qbb6+ Kf7 76.
Qcc7+ Ke8 77. Qbb8# 1-0

[Event "Early-Titled-Tuesday-Blitz-February-20-2024"]
[Site "Chess.com"]
[Date "2024.02.20"]
[Round "11"]
[White "Hudijegszid"]
[Black "mbchess97"]
[Result "0-1"]
[WhiteElo "2374"]
[BlackElo "2493"]
[TimeControl "180+1"]
[EndTime "10:10:00 PST"]
[Termination "mbchess97 won by checkmate"]

1. Nf3 Nf6 2. g3 e6 3. Bg2 d5 4.
O-O b5 5. a4 b4 6. d3 a5 7. Bf4 Bb7 8. Nbd2 Nbd7 9. e4 dxe4 10. dxe4 Nxe4 11. Nxe4 Bxe4 12. Re1 Bb7 13. Nd4 Bxg2 14.
Kxg2 Ra6 15. Nb5 Bd6 16. Bxd6 cxd6 17. Nxd6+ Ke7 18. Nf5+ Kf6 19. Qd4+ e5 20. Qg4 g6 21. Ne3 h5 22. Qf3+ Kg7 23. Rad1 Qc8 24. Qd5 Nf6 25. Qxe5 Qa8+ 26. Nd5 Re8 27. Qd4 Rxe1 28. Rxe1 Qxd5+ 29. Qxd5 Nxd5 30. Re5 Nf6 31. f4 Rc6 32. c4 bxc3 33. bxc3 Rxc3 34. Rxa5 Ra3 35. h3 Ne4 36. g4 hxg4 37.
hxg4 Rg3+ 38. Kf1 Rxg4 39. Ke2 Rxf4 40. Ke3 Rh4 41. Ra8 Nd6 42. a5 Nc4+ 43. Kd3 Nxa5 44. Rxa5 Rf4 45. Ke3 Rf6 46. Ke2 Re6+ 47. Kf2 Kf6 48.
Ra4 g5 49. Ra5 Kg6 50. Kf3 f5 51. Rb5 Rc6 52. Rb3 g4+ 53. Kf4 Rc4+ 54. Kg3 Kg5 55. Rb2 f4+ 56. Kg2 Rc5 57. Kf2 g3+ 58. Kf3 Rc3+ 59. Kg2 Kg4 60. Rb1 f3+ 61. Kg1 Rc4 62. Ra1 g2 63. Rb1 Kg3 64. Rc1 f2# 0-1

[Event "Early-Titled-Tuesday-Blitz-February-20-2024"]
[Site "Chess.com"]
[Date "2024.02.20"]
[Round "11"]
[White "Cubitas"]
[Black "Licancabur"]
[Result "0-1"]
[WhiteElo "2636"]
[BlackElo "2457"]
[TimeControl "180+1"]
[EndTime "10:10:02 PST"]
[Termination "Licancabur won by checkmate"]

1. e4 Nf6 2. e5 Nd5 3. d4 d6 4.
c4 Nb6 5. exd6 cxd6 6. Nc3 g6 7.
a4 a5 8. c5 dxc5 9. Bb5+ N6d7 10. dxc5 Bg7 11. Be3 O-O 12. Nf3 Nc6 13. Qb3 Nb4 14. Rd1 Qc7 15. Nd5 Nxd5 16. Qxd5 Nf6 17. Qe5 Ne8 18. Qxc7 Nxc7 19. Bd4 Nxb5 20. Bxg7 Kxg7 21.
axb5 Bg4 22. Rd4 Bxf3 23. gxf3 Rfc8 24. Rc4 a4 25. Kd2 Ra5 26. c6 Rxb5 27. c7 Rxb2+ 28. Kc3 Rb3+ 29. Kc2 b5 30. Rc5 Rb4 31. Rd1 Rc4+ 32.
Rxc4 bxc4 33. Rd7 Kf6 34. Kc3 Ke6 35. Rd8 Rxc7 36. Rh8 h5 37. Ra8 Kf5 38. Rxa4 e5 39. Ra6 f6 40. h4 Rd7 41. Kxc4 Rd2 42. Ra3 Rxf2 43. Rd3 Rh2 44. Kd5 Rxh4 45. Re3 Rd4+ 46. Kc6 Rf4 47. Rd3 h4 48. Rd2 h3 49. Rh2 Rh4 50.
Kd6 Kf4 51. Ke6 Kxf3 52. Kxf6 Kg3 53. Rh1 h2 54. Kg5 Rh8 55. Kxg6 Kg2 56. Ra1 h1=Q 57. Ra2+ Kf3 58. Ra3+ Ke4 59. Re3+ Kxe3 60. Kg5 Qg2+ 61. Kf6 Qf3+ 62. Ke7 Qc6 63. Kf7 Rh7+ 64. Kg8 Qg6+ 65. Kf8 Qf7# 0-1

[Event "Early-Titled-Tuesday-Blitz-February-20-2024"]
[Site "Chess.com"]
[Date "2024.02.20"]
[Round "11"]
[White "Bkmzzzzz"]
[Black "RantomOpening"]
[Result "0-1"]
[WhiteElo "2426"]
[BlackElo "2555"]
[TimeControl "180+1"]
[EndTime "10:10:04 PST"]
[Termination "RantomOpening won by resignation"]

1. e4 c5 2. Nf3 e6 3. d3 Nc6 4. g3 d5 5. Nbd2 Nf6 6. Bg2 Be7 7.
O-O O-O 8. e5 Nd7 9. Re1 Qc7 10.
Qe2 b5 11. Nf1 c4 12. h4 cxd3 13. cxd3 Nb4 14. Bf4 Qc2 15. Nd4 Qxd3 16. Nxb5 Bb7 17. a3 Qxe2 18. Rxe2 Nd3 19. Nc3 Nxf4 20. gxf4 Nc5 21.
h5 Ba6 22. Ree1 Nd3 23. Reb1 Bc5 24. Ne3 d4 25. Ne4 dxe3 26. Nxc5 exf2+ 27. Kf1 Nxc5+ 28. Kxf2 Rad8 29. b4 Nd3+ 30. Ke3 Rc8 31. b5 Nc5 32. bxa6 f6 33. Bb7 Rcd8 34. Rc1 Nb3 35. Rab1 Nxc1 36. Rxc1 fxe5 37. fxe5 Rf5 38. Ke4 Rxh5 39. Rc7 Rh4+ 40.
Ke3 Ra4 41. Bc8 Rxa3+ 42. Ke4 Rxc8 43. Rxc8+ Kf7 44. Rc7+ Kg6 45. Rxa7 h5 46. Ra8 h4 47. a7 h3 48. Rh8 Ra4+ 49. Kf3 Rxa7 50. Kg4 Ra3 51. Re8 Kf7 52. Rh8 Rc3 53. Kg5 Rf3 54. Kg4 Rf5 55. Rxh3 Rxe5 56. Ra3 Rf5 57. Ra8 Rf1 58.
Kg5 Rg1+ 59. Kf4 g5+ 60. Ke5 Re1+ 61. Kd4 g4 62. Ra3 Kf6 63. Rg3 Kg5 64. Kd3 Kh4 65.
Rg2 g3 66. Kd2 Re5 67. Kd3 Kh3 68. Rg1 g2 69. Rd1 Rd5+ 70. Ke2 Rxd1 71. Kxd1 g1=Q+ 0-1

[Event "Early-Titled-Tuesday-Blitz-February-20-2024"]
[Site "Chess.com"]
[Date "2024.02.20"]
[Round "11"]
[White "ImportedItalianMaple"]
[Black "carloseduar100"]
[Result "1-0"]
[WhiteElo "2537"]
[BlackElo "2360"]
[TimeControl "180+1"]
[EndTime "10:10:05 PST"]
[Termination "ImportedItalianMaple won by checkmate"]

1. Nf3 Nf6 2. g3 g6 3. Bg2 Bg7 4. O-O O-O 5. d4 d6 6. c4 Nbd7 7. Nc3 Re8 8. e4 e5 9. h3 a6 10. Be3 c6 11. b3 b5 12. Qc2 bxc4 13. bxc4 Rb8 14. Rfd1 Qc7 15. Rac1 Rb4 16. c5 exd4 17. cxd6 Qxd6 18. Nxd4 c5 19. e5 Nxe5 20. Nc6 Qc7 21. Nxb4 cxb4 22. Nd5 Qxc2 23. Nxf6+ Bxf6 24. Rxc2 Be6 25. Bd5 Rd8 26. Rcd2 Rxd5 27. Rxd5 Bxh3 28. f4 Nc4 29.
Bd4 Bxd4+ 30. R1xd4 Be6 31. Rc5 Ne3 32. Rxb4 Bxa2 33.
Ra4 Be6 34. Rxa6 Bf5 35. Ra3 Ng4 36. Raa5 Be6 37. Rc7 Nf6 38. Ra6 Nd5 39. Rca7 Bf5 40.
Kh2 Ne3 41. Re7 Ng4+ 42. Kg1 h5 43. Rb7 Ne3 44. Raa7 Be6 45. Re7 Bc4 46. Rxe3 Bd5 47. Rc3 Be6 48. Rcc7 Bg4 49. Kf2 Be6 50. Ke3 Kg7 51. Kd4 Kf6 52. Rc6 Kf5 53. Rxe6 Kxe6 54. Ke4 Kf6 55. Ra6+ Kg7 56. Ke5 h4 57. gxh4 Kh6 58.
f5 Kh5 59. fxg6 fxg6 60. Kf4 Kxh4 61. Rxg6 Kh5 62. Rg8 Kh6 63. Rg2 Kh5 64. Rg1 Kh6 65.
Kf5 Kh7 66. Kf6 Kh6 67. Rh1# 1-0

[Event "Early-Titled-Tuesday-Blitz-February-20-2024"]
[Site "Chess.com"]
[Date "2024.02.20"]
[Round "11"]
[White "Chessmissile07"]
[Black "vi_pranav"]
[Result "1-0"]
[WhiteElo "2894"]
[BlackElo "3014"]
[TimeControl "180+1"]
[EndTime "10:10:09 PST"]
[Termination "Chessmissile07 won by resignation"]

1. a3 e5 2. e4 Nf6 3. Nc3 Nc6 4. Bc4 Bc5 5. Nf3 d6 6. h3 Be6 7. d3 h6 8. Qe2 O-O 9. Be3 Nd4 10. Bxd4 exd4 11.
Nb1 Bxc4 12. dxc4 Nxe4 13. O-O Re8 14. Qd3 Bb6 15. Nxd4 Qf6 16. c3 Rad8 17. Nd2 d5 18. cxd5 Nxd2 19. Qxd2 Rxd5 20. Rae1 Red8 21. Qc2 c6 22.
Nf3 Rd3 23. Re8+ Rxe8 24. Qxd3 Qf4 25. Qd2 Qxd2 26. Nxd2 Re2 27. Nc4 Bc7 28. Rb1 Bf4 29. g3 Bg5 30. h4 Be7 31. Kf1 Re4 32. Re1 Rxe1+ 33. Kxe1 b6 34. Ne5 a5 35. Nxc6 Bd6 36.
Ke2 Kf8 37. b4 axb4 38. axb4 f5 39. Nd4 g6 40. h5 Kf7 41. hxg6+ Kxg6 42. f4 h5 43. Nf3 Kf6 44. Kd3 b5 45. Nd4 h4 46.
gxh4 Bxf4 47. Nxb5 Bg3 48. h5 Kg5 49. Nd4 Bb8 50.
c4 f4 51. Ke4 Kxh5 52. Nf3 Kg6 53. c5 Kf6 54. Kd5 Kf5 55. b5 Kg4 56. Nd4 f3 57. Nxf3 Kxf3 58. b6 1-0

[Event "Early-Titled-Tuesday-Blitz-February-20-2024"]
[Site "Chess.com"]
[Date "2024.02.20"]
[Round "11"]
[White "ProChessWICTH"]
[Black "NewYearGirl"]
[Result "1/2-1/2"]
[WhiteElo "2469"]
[BlackElo "2359"]
[TimeControl "180+1"]
[EndTime "10:10:12 PST"]
[Termination "Game drawn - insufficient material"]

1. e4 c5 2. Nf3 d6 3. c3 Nf6 4. h3 Nc6 5. Bd3 c4 6. Bxc4 Nxe4 7.
O-O g6 8. Re1 d5 9. Bb3 Bg7 10. d3 Nc5 11. Bc2 d4 12. c4 O-O 13.
a3 a5 14. Nbd2 f5 15. Rb1 a4 16. Nf1 Na5 17. Bxa4 Nxa4 18. Qxa4 Bd7 19. Qb4 Bc6 20. Ne5 Qd6 21. Qxd6 exd6 22. Nxc6 bxc6 23. b4 Nb7 24. Re7 Rf7 25. Rxf7 Kxf7 26. Bb2 Re8 27. a4 c5 28.
b5 Re2 29. g3 Bf6 30. Kg2 Bd8 31.
Kf3 Rc2 32. Bc1 Ra2 33. Nd2 Rxa4 34. Nb3 Ra2 35. h4 Ke6 36. Rb2 Rxb2 37. Bxb2 d5 38. Ba3 dxc4 39. dxc4 Kd6 40. Nxd4 Na5 41. Nc6 Nxc4 42.
Bc1 Bb6 43. Kf4 Na3 44. Bxa3 Kd5 45. Bc1 c4 46. Ne5 Bxf2 47. Nf3 Bb6 48. Bb2 Kc5 49.
Bc3 Kxb5 50. Ke5 Bf2 51. Kf4 Ka4 52. Nd2 Kb5 53. Kf3 Be1 54. Nb1 Bxc3 55. Nxc3+ Kb4 56. Nd5+ Kc5 57. Ne3 c3 58. Ke2 Kd4 59. Nc2+ Ke4 60. Nb4 h6 61. Nc2 g5 62. hxg5 hxg5 63. Na3 Kd4 64. Nc2+ Ke4 65. Ne1 f4 66. g4 f3+ 67.
Nxf3 c2 68. Nd2+ Kf4 69. Nb3 Kxg4 70. Kd2 Kf3 71. Kxc2 g4 72. Nd2+ Ke3 73. Kd1 Kf2 74.
Ne4+ Kf1 75. Kd2 Kg2 76. Ke3 g3 77. Nxg3 1/2-1/2

[Event "Early-Titled-Tuesday-Blitz-February-20-2024"]
[Site "Chess.com"]
[Date "2024.02.20"]
[Round "11"]
[White "Matols"]
[Black "a-z30"]
[Result "1-0"]
[WhiteElo "2366"]
[BlackElo "2458"]
[TimeControl "180+1"]
[EndTime "10:10:12 PST"]
[Termination "Matols won by checkmate"]

1. d4 d6 2. Nf3 Nf6 3. g3 g6 4. Bg2 Bg7 5. O-O O-O 6. c4 c6 7. Nc3 Bf5 8. Nh4 Bd7 9. e4 e5 10. d5 cxd5 11. cxd5 b5 12. h3 b4 13. Ne2 Na6 14. Be3 Bb5 15. Rc1 Nd7 16. a4 bxa3 17. bxa3 Nac5 18. Re1 Qa5 19. Ra1 Ba4 20. Qd2 Qxd2 21.
Bxd2 Nb3 22. Ra2 Nxd2 23. Rxd2 Rfb8 24. Nc3 Bh6 25. f4 Bb3 26. Rf2 Nc5 27. Bf1 Bg7 28. f5 Rb6 29. fxg6 hxg6 30. Nf3 Bh6 31. h4 Rc8 32. Ng5 Bxg5 33. hxg5 Na4 34. Nxa4 Bxa4 35. Bh3 Rc3 36. Kh2 Rbb3 37. Ref1 Be8 38. Be6 Rxg3 39.
a4 Rge3 40. Rf6 Rb7 41. Rxg6+ Kf8 42. Rgf6 Rxe4 43. g6 Kg7 44. gxf7 Bxf7 45. Rxf7+ Rxf7 46. Rxf7+ Kg6 47. Rxa7 Kh6 48. Rd7 Rd4 49. Rxd6 Kg5 50. Kg3 Rxa4 51. Rd8 Ra3+ 52. Kf2 Kf4 53. Rf8+ Ke4 54.
d6 Ra2+ 55. Kg3 Rd2 56. Bf5+ Ke3 57. d7 Rd1 58. d8=Q Rg1+ 59. Kh2 Rg7 60. Qd3+ Kf4 61.
Bh3+ Kg5 62. Qg3+ Kh6 63. Rh8+ Rh7 64. Rxh7+ Kxh7 65. Bf5+ Kh8 66. Bd3 e4 67. Qe5+ Kh7 68. Qxe4+ Kh6 69. Qg6# 1-0